 Dungeon Crawl Stone Soup version 0.29-a0-553-g81b289dbe5 (webtiles) character file.

Game seed: 2267801268948226564

963 HessuHobo the Skirmisher (level 8, 0/53 HPs)
             Began as a Gargoyle Fighter on June 6, 2022.
             Was an Initiate of the Shining One.
             Slain by a steam dragon (8 damage)
             ... on level 6 of the Dungeon.
             The game lasted 00:09:27 (7417 turns).

HessuHobo the Skirmisher (Gargoyle Fighter)         Turns: 7417, Time: 00:09:28

Health: 0/53       AC: 18    Str: 22    XL:     8   Next: 15%
Magic:  9/9        EV:  9    Int:  9    God:    the Shining One [......]
Gold:   316        SH:  4    Dex:  9    Spells: 7/7 levels left

rFire   . . .      SeeInvis .   a - +0 flail
rCold   + . .      Faith    .   c - +0 buckler
rNeg    + . .      Spirit   .   b - +0 scale mail
rPois   ∞          Reflect  .   (no helmet)
rElec   +          Harm     .   y - +0 cloak
rCorr   +          Rampage  .   G - +2 pair of gloves
Will    .....                   u - +0 pair of boots
Stlth   ..........              (no amulet)
HPRegen 0.17/turn               t - ring of protection from cold
MPRegen 0.11/turn               s - ring of resist corrosion

@: glowing
A: sickness immunity, AC +5, negative energy resistance 1, electricity
resistance, torment resistance 1, petrification resistance
a: Renounce Religion


You were on level 6 of the Dungeon.
You worshipped the Shining One.
The Shining One was noncommittal.
You visited 2 branches of the dungeon, and saw 7 of its levels.
You also visited: Sewer.

You collected 344 gold pieces.
You spent 28 gold pieces at shops.

Inventory:

Hand Weapons
 a - a +0 flail (weapon)
 A - a +0 vampiric short sword
 B - a +0 war axe of flaming
 H - a +0 morningstar
Missiles
 m - 6 poisoned darts (quivered)
Armour
 b - a +0 scale mail (worn)
 c - a +0 buckler (worn)
 u - a +0 pair of boots (worn)
 y - a +0 cloak (worn)
 G - a +2 pair of gloves (worn)
Jewellery
 s - a ring of resist corrosion (right hand)
 t - a ring of protection from cold (left hand)
 x - the ring of Otziudd {rC+ Str-3 Int+4 Dex+8 Stlth+}
   (You found it on level 3 of the Dungeon)

   [ring of protection from cold]

   Str:       It affects your strength (-3).
   Int:       It affects your intelligence (+4).
   Dex:       It affects your dexterity (+8).
   rC:        It protects you from cold.
   Stlth:     It makes you more stealthy.
Wands
 C - a wand of flame (21)
Scrolls
 e - a scroll of noise {unknown}
 i - 2 scrolls of fog {unknown}
 j - a scroll of blinking {unknown}
 l - a scroll of torment {unknown}
 o - 2 scrolls of magic mapping {unknown}
 p - 3 scrolls of teleportation {unknown}
 w - a scroll of brand weapon {unknown}
 z - 2 scrolls of enchant armour {unknown}
 D - a scroll of identify
 E - a scroll of immolation {unknown}
Potions
 d - a potion of haste {unknown}
 f - 2 potions of curing
 g - 2 potions of magic {unknown}
 h - 2 potions of heal wounds {unknown}
 k - 3 potions of degeneration
 n - 2 potions of attraction {unknown}
 q - 3 potions of flight
 r - 2 potions of invisibility
 v - 3 potions of brilliance {unknown}
 F - a potion of cancellation {unknown}


   Skills:
 + Level 7.1 Fighting
 + Level 6.0 Maces & Flails
 - Level 4.2 Armour
 - Level 4.2 Shields
 + Level 1.4 Invocations
 + Level 1.2 Evocations


You had 7 spell levels left.
You didn't know any spells.
Your spell library contained the following spells:

 Spells                   Type           Power      Damage    Failure   Level
 Static Discharge         Conj/Air       0%         N/A       90%         2
 Lightning Bolt           Conj/Air       0%         1d11      100%        5
 Maxwell's Capacitive Co  Air            0%         ∞         100%        8


Dungeon Overview and Level Annotations

Branches:
Dungeon (6/15)             Temple (1/1) D:5           Sewer (visited)

Altars:
Ashenzari
Cheibriados
Fedhas
Hepliaklqana
Kikubaaqudgha
Makhleb
Nemelex Xobeh
Okawaru
Qazlal
Ru
Sif Muna
Uskayaw
Vehumet
Wu Jian
Xom
Yredelemnul
Zin
The Shining One

Shops:
D:4 ?


Innate Abilities, Weirdness & Mutations

You are immune to sickness and miasma.
Your stone body is resilient. (AC +5)
You are immune to poison.
You resist negative energy. (rN+)
You are resistant to electric shocks. (rElec)
You are resistant to unholy torment.
You are immune to petrification.


Message History

You barely miss the steam dragon.
The steam dragon is severely wounded.
The steam dragon bites you. The steam dragon barely misses you.
The steam dragon breathes steam at you. The ball of steam hits you!
* * * LOW HITPOINT WARNING * * *
You hit the steam dragon but do no damage.
The steam dragon is severely wounded.
You are engulfed in a cloud of scalding steam.
* * * LOW HITPOINT WARNING * * *
The steam dragon bites you!
* * * LOW HITPOINT WARNING * * *
The steam dragon barely misses you.
You closely miss the steam dragon.
The steam dragon is severely wounded.
You are engulfed in a cloud of scalding steam.
The steam dragon barely misses you.
The steam dragon claws you but does no damage.
You feel better.
The steam dragon bites you but does no damage.
You block the steam dragon's attack.
You hit the steam dragon but do no damage.
The steam dragon is severely wounded.
The steam dragon bites you but does no damage.
You block the steam dragon's attack.
You closely miss the steam dragon.
The steam dragon is severely wounded.
The steam dragon bites you!
* * * LOW HITPOINT WARNING * * *
The steam dragon closely misses you.
You feel better.
The steam dragon bites you but does no damage.
The steam dragon claws you but does no damage.
You hit the steam dragon.
The steam dragon is severely wounded.
The steam dragon barely misses you. x2
You completely miss the steam dragon.
The steam dragon is severely wounded.
The steam dragon bites you!
You die...

#.# ### #.. ... ..# #.#
#.#..# ###.# #.# #.#..#
#.#.# #.# ##.#..# #.#.#
#.#####.###.....####.#..
#.......................
..##+#####.###..#..####....
.........D@.........>......
......####......#..#.##....
..... #.#.##.#..#.##....
#... ###.##.#..#.###... #..
#.##.......#.... .D
#.####..#..#.... . #.#
#..#..#.... #.# #..#..#..[.
#.# ...........


You could see a steam dragon.

Vanquished Creatures
  Menkaure (D:5)
  3 ogres
  2 bullfrogs (Sewer)
  A howler monkey (D:5)
  2 hounds
  A jelly (D:4)
  An iguana (D:4)
  2 orc wizards (D:5)
  4 gnolls
  9 adders
  2 ufetubi
  3 worms (D:2)
  4 dart slugs
  7 orcs
  8 endoplasms
  13 giant cockroaches
  8 goblins
  6 hobgoblins
  5 jackals (D:4)
  4 kobolds
  8 quokkas
  20 ball pythons
  2 bats
  14 frilled lizards
  5 rats
135 creatures vanquished.

Notes
Turn   | Place    | Note
-------+----------+-------------------------------------------
     0 | D:1      | HessuHobo the Gargoyle Fighter began the quest for the Orb.
     0 | D:1      | Reached XP level 1. HP: 14/14 MP: 1/1
   142 | D:1      | Reached XP level 2. HP: 19/19 MP: 2/2
  1180 | D:2      | Reached XP level 3. HP: 19/23 MP: 3/3
  1773 | D:2      | Reached XP level 4. HP: 19/29 MP: 4/4
  2044 | D:2      | Reached skill level 4 in Fighting
  2637 | D:3      | Reached XP level 5. HP: 18/33 MP: 5/5
  3080 | D:3      | Identified the ring of Otziudd {rC+ Str-3 Int+4 Dex+8
                  | Stlth+}
  3847 | D:4      | Found a glowing drain.
  3903 | Sewer    | Entered a sewer
  4453 | Sewer    | Reached skill level 5 in Fighting
  4453 | Sewer    | Reached XP level 6. HP: 30/40 MP: 6/6
  4820 | D:4      | Reached XP level 7. HP: 45/45 MP: 7/7
  4897 | D:4      | Found Laitsawn's Magic Scroll Boutique.
  4906 | D:4      | Bought a scroll of identify for 28 gold pieces
  5103 | D:5      | Entered Level 5 of the Dungeon
  5223 | D:5      | Reached skill level 6 in Fighting
  5223 | D:5      | Reached skill level 5 in Maces & Flails
  5838 | D:5      | Noticed Menkaure
  5844 | D:5      | Killed Menkaure
  6260 | D:5      | Found a staircase to the Ecumenical Temple.
  6456 | D:5      | Found a hide-covered altar of Uskayaw.
  6571 | Temple   | Entered the Ecumenical Temple
  6663 | Temple   | Became a worshipper of the Shining One
  6713 | D:5      | Reached XP level 8. HP: 52/52 MP: 8/8
  6880 | D:6      | Reached skill level 7 in Fighting
  6880 | D:6      | Reached skill level 1 in Invocations
  7296 | D:6      | Reached skill level 1 in Evocations
  7334 | D:6      | Found a snail-covered altar of Cheibriados.
  7414 | D:6      | HP: 1/53 [steam dragon (9)]
  7417 | D:6      | Slain by a steam dragon

Illustrated notes

Levels and vault maps discovered:
D:1:      evilmike_arrival_crescent, layout_basic, grunt_decor_one_mirror
D:2:      layout_basic, minmay_diced_spiral
D:3:      layout_loops_corners, moated_statue
D:4:      layout_rooms, portal_sewer_entry_b, serial_shops,
          nicolae_lakefront_shop, nicolae_ossuary_entry_plus
D:5:      layout_rooms, mainiacjoe_overflow_alcove_4, temple_doors_e,
          hangedman_decor_lopped, chequers_serial_rivers_large_a, uniq_menkaure
D:6:      layout_basic, lemuel_tele_altar
Temple:   lightli_temple_of_artemis

Skill      XL: |  1  2  3  4  5  6  7  8 |
---------------+-------------------------+-----
Fighting       | 4 5 6 7 |  7.1
Armour         | 4 |  4.2
Shields        | 4 |  4.2
Maces & Flails | 3 4 5 6 |  6.0
Invocations    | 1 |  1.4
Evocations     | 1 |  1.2

Action                   |  1- 3 |  4- 6 |  7- 9 || total
-------------------------+-------+-------+-------++-------
Melee: Flail             |    91 |   270 |   142 ||   503
       Short sword       |       |    32 |       ||    32
Throw: Dart              |       |     5 |    12 ||    17
  Use: Potion            |       |     1 |     3 ||     4
       Scroll            |       |     3 |     1 ||     4
 Stab: Invisible         |       |       |     2 ||     2
Armor: Scale mail        |    44 |   202 |    91 ||   337
Dodge: Dodged            |    44 |   210 |    99 ||   353
Block: Buckler           |    16 |    90 |    41 ||   147

Table legend: (Time is in decaauts)
 A = Elapsed time spent in this place.
 B = Non-inter-level travel time spent in this place.
 C = Inter-level travel time spent in this place.
 D = Time resting spent in this place.
 E = Time spent auto-exploring this place.
 F = Levels seen in this place.
 G = Mean time per level.
                   A        B        C        D        E       F      G
               +--------+--------+--------+--------+--------+-----+--------+
         Total |   7641 |   7293 |    348 |   2513 |   3214 |   8 |  955.1 |
       Dungeon |   6724 |   6393 |    331 |   2164 |   3109 |   6 | 1120.7 |
        Temple |    109 |     92 |     17 |      0 |     84 |   1 |  109.0 |
         Sewer |    807 |    807 |      0 |    349 |     20 |   1 |  807.0 |
               +--------+--------+--------+--------+--------+-----+--------+

Top non-repeatable levels by time:
     D:2: 1531 daAuts
     D:5: 1368 daAuts
     D:3: 1243 daAuts
     D:4: 1099 daAuts
     D:1: 1056 daAuts
   Sewer: 807 daAuts
     D:6: 425 daAuts
  Temple: 109 daAuts
